 Dungeon Crawl Stone Soup version 0.26.0-15-gc6cd9f700b (webtiles) character file.

Game seed: 2149631571797369259

174 ythm the Chopper (level 5, -1/46 HPs)
             Began as a Minotaur Delver on Jan 17, 2021.
             Slain by an orc priest
             ... wielding a +1 flail of protection
              (7 damage)
             ... on level 6 of the Dungeon.
             The game lasted 00:02:15 (816 turns).

ythm the Chopper (Minotaur Delver)                   Turns: 816, Time: 00:02:16

Health: -1/46      AC:  3    Str: 17    XL:     5   Next: 28%
Magic:  4/4        EV: 11    Int:  7    God:
Gold:   38         SH:  4    Dex: 12    Spells: 4/4 levels left

rFire    . . .     SeeInvis .   f - +0 war axe
rCold    . . .     Faith    .   h - +0 buckler
rNeg     . . .     Spirit   .   b - +0 leather armour
rPois    .         Reflect  .   (helmet restricted)
rElec    .         Harm     .   (no cloak)
rCorr    .         Rampage  .   (no gloves)
Will     .....                  (no boots)
Stlth    ++........             (no amulet)
HPRegen  0.15/turn              (no ring)
MPRegen  0.09/turn              (no ring)

@: no status effects
A: retaliatory headbutt, horns 2
a: no special abilities


You were on level 6 of the Dungeon.
You visited 1 branch of the dungeon, and saw 4 of its levels.

You collected 38 gold pieces.

Inventory:

Hand Weapons
 a - a +0 hand axe
 f - a +0 war axe (weapon)
Armour
 b - a +0 leather armour (worn)
 h - a +0 buckler (worn)
Wands
 g - a wand of digging (3)
Scrolls
 c - a scroll of fog
 d - a scroll of magic mapping
 e - a scroll of fear


   Skills:
 + Level 4.0 Fighting
 * Level 6.2 Axes
 - Level 2.1 Dodging
 - Level 4.1 Stealth
 + Level 1.3 Shields


You had 4 spell levels left.
You didn't know any spells.
Your spell library was empty.

Dungeon Overview and Level Annotations

Branches:
Dungeon (7/15)
 Temple: D:4-7

Altars:

Annotations:
D:5 Blork the orc


Innate Abilities, Weirdness & Mutations

You reflexively headbutt those who attack you in melee.
You have a pair of horns on your head.


Message History

You headbutt the orc priest, but do no damage.
The orc priest is lightly wounded.
The orc wizard gestures at itself while chanting.
The orc wizard flickers and vanishes!
Deactivating autopickup; reactivate with Ctrl-A.
The orc priest barely misses you.
Unknown command.
Unknown command.
Unknown command.
Unknown command.
You hit the orc priest but do no damage.
The orc priest is lightly wounded.
The orc priest mumbles some strange prayers to Beogh against you.
Pain shoots through your body!
* * * LOW HITPOINT WARNING * * *
Unknown command.
You completely miss the orc priest. Your headbutt misses the orc priest.
The orc priest is lightly wounded.
The orc priest hits you with a +1 flail of protection!
You die...

## . #. #.######
#.....<# ###.#..#
...#########.#..#
....o.o@.....).>#
##############.##
#....# ######


You could see an orc priest and an orc.

Vanquished Creatures
  An orc priest (D:4)
  2 orc wizards (D:4)
  An iguana (D:4)
  A worker ant (D:4)
  A worker ant zombie (D:4)
  An adder (D:4)
  A dart slug (D:4)
  6 orcs
  2 jackals (D:4)
16 creatures vanquished.

Notes
Turn   | Place    | Note
-------+----------+-------------------------------------------
     0 | D:5      | ythm the Minotaur Delver began the quest for the Orb.
     0 | D:5      | Reached XP level 1. HP: 19/19 MP: 0/0
     5 | D:5      | Noticed Blork the orc
    22 | D:4      | Reached skill level 3 in Axes
    22 | D:4      | Reached XP level 2. HP: 22/26 MP: 1/1
   119 | D:4      | Reached skill level 4 in Axes
   119 | D:4      | Reached XP level 3. HP: 13/31 MP: 2/2
   345 | D:4      | Reached skill level 5 in Axes
   349 | D:4      | Reached XP level 4. HP: 39/39 MP: 3/3
   369 | D:4      | Reached skill level 6 in Axes
   410 | D:4      | Reached skill level 1 in Shields
   410 | D:4      | Reached XP level 5. HP: 21/46 MP: 4/4
   638 | D:4      | Noticed a phantom
   816 | D:6      | Slain by an orc priest

Illustrated notes

Levels and vault maps discovered:
D:4:      layout_rooms, serial_shops, shop, roderic_roman_lattice,
          minmay_fractal_squares_diagonal_5
D:5:      layout_cave_pools, serial_column_ruins, column_ruins_hut_ruined,
          column_ruins_grid_3, column_ruins_grid_1, column_ruins_columns_corner,
          column_ruins_open_tiny, column_ruins_grid_1, nrook_uturn,
          minivault_27, minivault_27, dk_vineyard_2,
          minmay_misc_feat_nine_boxes, minivault_11, abandoned_shop,
          fountainhead, ashenzari_altar_1, uniq_blork_the_orc
D:6:      layout_basic, minmay_temple_entry_tees, serial_shops, shop
D:7:      layout_basic, serial_undead, serial_undead_a, serial_undead_b,
          serial_undead_f, serial_undead_e, serial_undead_a, serial_undead_b,
          palyth_stone_intersect, uniq_prince_ribbit1

Skill      XL: |  1  2  3  4  5 |
---------------+----------------+-----
Axes           | 3 4 5 6 |  6.2
Shields        | 1 |  1.3
Fighting       | 4 |  4.0
Dodging        | |  2.1
Stealth        | |  4.1

Action                   |  1- 3 |  4- 6 || total
-------------------------+-------+-------++-------
Melee: Hand axe          |    15 |    34 ||    49
       Headbutt          |     7 |    10 ||    17
       War axe           |       |     9 ||     9
  Use: Potion            |       |     2 ||     2
Armor: Leather armour    |     2 |     5 ||     7
Dodge: Dodged            |     7 |    20 ||    27
Block: Buckler           |       |     2 ||     2
